 Dungeon Crawl Stone Soup version 0.31.0-12-g77e489cdc1 (webtiles) character file.

Game seed: 14496361298402072060

214 ChrisAssaf the Sneak (level 5, -3/37 HPs)
             Began as a Human Enchanter on Feb 28, 2024.
             Succumbed to Duvessa's poison
             ... on level 4 of the Dungeon.
             The game lasted 00:06:25 (1141 turns).

ChrisAssaf the Sneak (Human Enchanter)              Turns: 1141, Time: 00:06:25

Health: -3/37      AC:  2    Str: 11    XL:     5   Next: 91%
Magic:  2/8        EV: 12    Int: 15    God:
Gold:   112        SH:  0    Dex: 13    Spells: 4/9 levels left

rFire   . . .        a - +2 dagger
rCold   . . .        (no shield)
rNeg    . . .        b - +0 robe
rPois   .            (helmet restricted)
rElec   .            (no cloak)
rCorr   .            (no gloves)
SInv    .            (no boots)
Will    .....        (no amulet)
Stlth   ++           (no ring)
HPRegen 0.26/turn    (no ring)
MPRegen 0.11/turn

%: no passive effects
@: lethally poisoned (-3 -> -21)
A: explore regen, horns 1, talons 1, evolution 1
a: no special abilities


You were on level 4 of the Dungeon.
You visited 1 branch of the dungeon, and saw 4 of its levels.

You collected 112 gold pieces.

Inventory:

Hand Weapons
 a - a +2 dagger (weapon)
Armour
 b - a +0 robe (worn)
Talismans
 e - a blade talisman
Potions
 d - 2 potions of mutation


   Skills:
 * Level 1.3 Fighting
 * Level 2.0 Short Blades
 * Level 1.4 Armour
 * Level 2.5 Dodging
 * Level 3.9 Stealth
 * Level 2.5 Spellcasting
 * Level 3.6 Hexes
 * Level 1.1 Ice Magic
 * Level 1.0 Shapeshifting


You had 4 spell levels left.
You knew the following spells:

 Your Spells              Type           Power      Damage    Failure   Level
a - Ensorcelled Hibernat  Hex/Ice        18%        N/A       12%         2
b - Tukima's Dance        Hex            12%        N/A       14%         3

Your spell library contained the following spells:

 Spells                   Type           Power      Damage    Failure   Level
 Confusing Touch          Hex            12%        N/A       14%         3
 Dazzling Flash           Conj/Hex       14%        N/A       30%         3
 Cigotuvi's Dreadful Rot  Necr/Alch/Air  2%         N/A       32%         2
 Call Canine Familiar     Summ           1%         N/A       54%         3
 Animate Dead             Necr           1%         N/A       91%         4


Dungeon Overview and Level Annotations

Branches:
Dungeon (4/15)
 Temple: D:4-7

Altars:
Dithmenos

Shops:
D:2 [

Annotations:
D:4 Duvessa


Innate Abilities, Weirdness & Mutations

You regain HP and MP as you explore.
You have a pair of small horns on your head.
You have sharp toenails.
You have hidden genetic potential.


Message History

Duvessa shouts!
Casting: Ensorcelled Hibernation (safe; 12% risk of failure)
Confirm with . or Enter, or press ? or * to list all spells.
Aiming: Tukima's Dance (quite dangerous; 14% risk of failure)
Press: ? - help, Shift-Dir - straight line, f - Duvessa
Aim: Duvessa, wielding a +2 short sword of venom and wearing a +0 leather armour (chance to affect: 28%) Duvessa easily resists.
Unknown command.
Casting: Tukima's Dance (quite dangerous; 14% risk of failure)
Confirm with . or Enter, or press ? or * to list all spells.
Aiming: Tukima's Dance (quite dangerous; 14% risk of failure)
Press: ? - help, Shift-Dir - straight line, f/p - Duvessa
Aim: Duvessa, wielding a +2 short sword of venom and wearing a +0 leather armour (chance to affect: 28%) Duvessa easily resists.
Unknown command.
A gnoll comes into view. It is wielding a +0 spear.
Casting: Tukima's Dance (quite dangerous; 14% risk of failure)
Confirm with . or Enter, or press ? or * to list all spells.
Aiming: Ensorcelled Hibernation (safe; 12% risk of failure)
Press: ? - help, Shift-Dir - straight line, f/p - Duvessa
Aim: Duvessa, wielding a +2 short sword of venom and wearing a +0 leather armour (chance to affect: 26%) Duvessa easily resists.
Duvessa barely misses you.
Duvessa says, "Where magic fails, the sword succeeds!"
Duvessa hits you with a +2 short sword of venom!
You are poisoned.
You feel very sick. Duvessa attacks as she pursues you!
Duvessa hits you with a +2 short sword of venom.
You feel very sick. Duvessa attacks as she pursues you!
Duvessa hits you with a +2 short sword of venom!
* * * LOW HITPOINT WARNING * * *
You are more poisoned.
* * * LOW HITPOINT WARNING * * *
You feel very sick.
Unknown command.
Okay, then.
Unknown command.
You hit Duvessa but do no damage.
You die...

..... #.# ...#.....##...#.#
.....#§§.#...#........8.#8#
...#.#.#.#..#...)......#.#
#..§._.§§. #.........#.#.
+.#.#§#§# #.........####
#..#§§§#####.............
#...#§#....g.........####
########.........)..........#
#..............@e...........#
#...........................#
#..................##########
+..................#
#..................#
#########'##########
+...........# #...........#
#..........<#


You could see Duvessa and a gnoll.

Vanquished Creatures
  An ogre (D:4)
  2 hounds (D:4)
  4 gnolls (D:3)
  An adder (D:2)
  A bat (D:2)
  3 endoplasms
  2 giant cockroaches
  4 hobgoblins
  4 kobolds
  4 quokkas
  2 ball pythons
  A frilled lizard (D:2)
  A rat (D:2)
30 creatures vanquished.

Vanquished Creatures (collateral kills)
  A kobold (D:4)
1 creature vanquished.

Grand Total: 31 creatures vanquished

Notes
Turn   | Place    | Note
-------+----------+-------------------------------------------
     0 | D:1      | ChrisAssaf the Human Enchanter began the quest for the Orb.
     0 | D:1      | Reached XP level 1. HP: 13/13 MP: 3/3
     2 | D:1      | Got the Compilation of Supportive Unspeakable Deeds
    95 | D:1      | Reached XP level 2. HP: 15/19 MP: 5/5
   117 | D:1      | Learned a level 2 spell: Ensorcelled Hibernation
   265 | D:2      | Found Gossedosu's Antique Armour Boutique.
   564 | D:2      | Reached XP level 3. HP: 25/25 MP: 1/6
   611 | D:2      | Learned a level 3 spell: Tukima's Dance
   766 | D:3      | Reached skill level 1 in Armour
   782 | D:3      | Reached XP level 4. HP: 10/31 MP: 1/7
   900 | D:4      | Reached skill level 1 in Fighting
   954 | D:4      | Found a shadowy altar of Dithmenos.
   961 | D:4      | Noticed an ogre
   968 | D:4      | Gained mutation: You have hidden genetic potential. [potion
                  | of mutation]
   968 | D:4      | Gained mutation: You are dopey. (Int -2) [potion of
                  | mutation]
   968 | D:4      | Gained mutation: You have sharp toenails. [potion of
                  | mutation]
   968 | D:4      | Lost mutation: You are dopey. (Int -2) [potion of mutation]
  1033 | D:4      | Reached XP level 5. HP: 18/37 MP: 8/8
  1072 | D:4      | Killed an ogre
  1073 | D:4      | Reached skill level 1 in Ice Magic
  1073 | D:4      | Reached skill level 1 in Shapeshifting
  1091 | D:4      | Gained mutation: You have a pair of small horns on your
                  | head. [hidden potential]
  1121 | D:4      | Noticed Duvessa
  1140 | D:4      | HP: 1/37 [poisoned by Duvessa]
  1141 | D:4      | Succumbed to Duvessa's poison

Illustrated notes

Levels and vault maps discovered:
D:1:      ldierk_walled_garden, layout_basic,
          dreamdust_ecumenical_altar_sealed_demon
D:2:      layout_basic, serial_shops, nicolae_shop_peninsula
D:3:      kennysheep_slugbush, layout_basic, vehumet_crystals, serial_shops,
          nicolae_shop_pleasant_corner_grove, shop,
          nicolae_shop_tiny_real_fake_doors, shop, nicolae_shop_rolled_up,
          uniq_terence
D:4:      layout_gridville, grunt_dithmenos_smoke_and_mirrors, bloody_makhleb,
          minmay_temple_entry_proselytizer, nicolae_twisty_statue_hallways,
          uniq_duvessa

Skill      XL: |  1  2  3  4  5 |
---------------+----------------+-----
Armour         | 1 |  1.4
Fighting       | 1 |  1.3
Short Blades   | 2 |  2.0
Ice Magic      | 1 |  1.1
Shapeshifting  | 1 |  1.0
Dodging        | |  2.5
Stealth        | |  3.9
Spellcasting   | |  2.5
Hexes          | |  3.6

Action                     |  1- 3 |  4- 6 || total
---------------------------+-------+-------++-------
  Melee: Dagger            |    50 |    33 ||    83
         Kick              |       |     6 ||     6
         Punch             |       |     1 ||     1
   Cast: Ensorcelled Hiber |    14 |     4 ||    18
         Tukima's Dance    |       |     4 ||     4
    Use: Scroll            |     2 |     2 ||     4
         Potion            |     1 |     3 ||     4
   Stab: Sleeping          |    13 |     1 ||    14
         Invisible         |     1 |     1 ||     2
 Armour: Robe              |    20 |    29 ||    49
  Dodge: Dodged            |    35 |    46 ||    81
